 Dungeon Crawl Stone Soup version 0.30-a0-365-ge7f957f1db (webtiles) character file.

Game seed: 1022445814541990906

3 mopl the Sneak (level 1, -1/18 HPs)
             Began as a Barachi Delver on Nov 16, 2022.
             Slain by a scorpion (2 damage)
             ... on level 4 of the Dungeon.
             The game lasted 00:00:33 (90 turns).

mopl the Sneak (Barachi Delver)                       Turns: 90, Time: 00:00:34

Health: -1/18      AC:  3    Str: 13    XL:     1   Next: 50%
Magic:  1/1        EV: 12    Int: 10    God:
Gold:   0          SH:  0    Dex: 13    Spells: 0/0 levels left

rFire   . . .      SeeInvis .    a - +0 falchion
rCold   . . .      Faith    .    (no shield)
rNeg    . . .      Spirit   .    b - +0 leather armour
rPois   .          Reflect  .    (no helmet)
rElec   .          Harm     .    (no cloak)
rCorr   .          Rampage  .    (no gloves)
Will    .....                    (no boots)
Stlth   ++........               (no amulet)
HPRegen 0.23/turn                (no ring)
MPRegen 0.07/turn                (no ring)

@: hasted, quick
A: amphibious, slowness 1, strong legs 1, +LOS
a: Hop


You were on level 4 of the Dungeon.
You visited 1 branch of the dungeon, and saw 2 of its levels.

Inventory:

Hand Weapons
 a - a +0 falchion (weapon)
Armour
 b - a +0 leather armour (worn)
Wands
 g - a wand of digging (3)
Scrolls
 c - a scroll of fog
 d - a scroll of magic mapping
 e - a scroll of fear
 i - a scroll of enchant weapon {unknown}
Potions
 f - a potion of haste
 h - a potion of heal wounds {unknown}


   Skills:
 - Level 3.6 Fighting
 + Level 2.8 Long Blades
 - Level 2.1 Dodging
 - Level 4.5 Stealth


You couldn't memorise any spells.
You didn't know any spells.
Your spell library contained the following spells:

 Spells                   Type           Power      Damage    Failure   Level
 Inner Flame              Hex/Fire       0%         N/A       82%         3
 Cause Fear               Hex            0%         N/A       99%         4
 Discord                  Hex            0%         N/A       100%        8


Dungeon Overview and Level Annotations

Branches:
Dungeon (5/15)
 Temple: D:4-7

Altars:


Innate Abilities, Weirdness & Mutations

You are amphibious.
You cover ground slowly.
You can hop short distances.
You have an extended range of vision and can be seen from far away.


Message History

The scorpion is heavily wounded.
You hit the scorpion but do no damage.
The scorpion is heavily wounded.
The scorpion closely misses you.
You hit the scorpion.
You punch the scorpion, but do no damage.
The scorpion is heavily wounded.
The scorpion stings you.
You barely miss the scorpion.
The scorpion is heavily wounded.
The scorpion stings you but does no damage.
You hit the scorpion but do no damage.
The scorpion is heavily wounded.
The scorpion closely misses you.
You hit the scorpion but do no damage.
The scorpion is heavily wounded.
The scorpion barely misses you.
You hit the scorpion but do no damage.
You punch the scorpion, but do no damage.
The scorpion is heavily wounded.
The scorpion stings you but does no damage.
You hit the scorpion but do no damage.
The scorpion is heavily wounded.
You hit the scorpion but do no damage.
The scorpion is heavily wounded.
The scorpion misses you.
You hit the scorpion.
The scorpion is heavily wounded.
The scorpion stings you!
You hit the scorpion.
The scorpion is almost dead.
The scorpion misses you.
You hit the scorpion but do no damage.
The scorpion is almost dead.
The scorpion stings you.
* * * LOW HITPOINT WARNING * * *
You barely miss the scorpion.
The scorpion is almost dead.
The scorpion stings you.
You die...

# #.# . #.# #.
### #.# #.# ..#
#.# ... #.# #.#
##.# #.# #.#
#...##.## #.#
#.))..## #s#
####...#####@##
##.....##..#
#......##.#
#>........##
#..........#
#..........#
####...#...#
#...#...#
#.......#


You could see a scorpion.

Vanquished Creatures
  An orc (D:4)
  A goblin (D:4)
2 creatures vanquished.

Notes
Turn   | Place    | Note
-------+----------+-------------------------------------------
     0 | D:5      | mopl the Barachi Delver began the quest for the Orb.
     0 | D:5      | Reached XP level 1. HP: 18/18 MP: 1/1
     5 | D:5      | Noticed an orc wizard
    17 | D:5      | Noticed a jelly
    65 | D:4      | Noticed a scorpion
    90 | D:4      | Slain by a scorpion

Illustrated notes

Levels and vault maps discovered:
D:4:      layout_rooms, zin_angel, mainiacjoe_overflow_24_doors
D:5:      layout_cave_pools, mainiacjoe_overflow_paths,
          minmay_temple_entry_tees, minmay_guarded_unrand_staff_of_olgreb,
          uniq_duvessa

Action                   || total
-------------------------++-------
Melee: Falchion          ||    19
       Punch             ||     2
  Use: Potion            ||     1
Armor: Leather armour    ||     2
Dodge: Dodged            ||    11

Table legend: (Time is in decaauts)
 A = Elapsed time spent in this place.
 B = Non-inter-level travel time spent in this place.
 C = Inter-level travel time spent in this place.
 D = Time resting spent in this place.
 E = Time spent auto-exploring this place.
 F = Levels seen in this place.
 G = Mean time per level.
                   A        B        C        D        E       F      G
               +--------+--------+--------+--------+--------+-----+--------+
         Total |     99 |     99 |      0 |      0 |     34 |   2 |   49.5 |
       Dungeon |     99 |     99 |      0 |      0 |     34 |   2 |   49.5 |
               +--------+--------+--------+--------+--------+-----+--------+

Top non-repeatable levels by time:
     D:4: 76 daAuts
     D:5: 22 daAuts
